[Event "Titled Tuesday Blitz May 30 Late 2023"]
[White "Papp, Petra"]
[Black "Mendez Machado, Andre"]
[WhiteFideId "739049"]
[BlackFideId "6603793"]
[WhiteElo "2259"]
[BlackElo "1984"]
[Result "1-0"]
[Round "05"]
[TimeControl "180+2"]
[Date "2023.05.31"]
[WhiteClock "0:01:33"]
[BlackClock "0:00:02"]

1. d4 Nf6 2. c4 e6 3. g3 d5 4. Nf3 Be7 5. Bg2 O-O 6. O-O dxc4 7. Qc2 a6 8. a4 Nc6 9. Qxc4 Na5 10. Qc2 b6 11. Bf4 Nd5 12. Bd2 Bb7 13. Bxa5 bxa5 14. Rc1 Rc8 15. Nbd2 c5 16. dxc5 Bxc5 17. Qb3 Ba8 18. Nc4 Qf6 19. Nxa5 Rb8 20. Qc2 Rfc8 21. Qd3 Nb4 22. Qd2 Nd5 23. Nc4 Rb4 24. e3 h5 25. Ne1 Rcb8 26. Nd3 Be7 27. Nxb4 Bxb4 28. Qe2 a5 29. Na3 Bd6 30. Nc4 Bb4 31. Na3 Bd6 32. Nb5 Be5 33. Rab1 h4 34. Qg4 hxg3 35. hxg3 Bxb2 36. Nd4 Bxd4 37. Rxb8+ Kh7 38. Qh5+ 1-0


[Site "https://www.chess.com"]

[Event "Titled Tuesday Blitz May 30 Late 2023"]
[White "Martinez, Ayelen"]
[Black "Hu, Merric"]
[WhiteFideId "118702"]
[BlackFideId "30906660"]
[WhiteElo "2125"]
[BlackElo "1922"]
[Result "0-1"]
[Round "05"]
[TimeControl "180+2"]
[Date "2023.05.31"]
[WhiteClock "0:00:21"]
[BlackClock "0:00:12"]

1. e4 e5 2. Nf3 d6 3. d4 Nc6 4. Nc3 g6 5. Bg5 f6 6. Be3 Bg7 7. Bc4 Nge7 8. dxe5 dxe5 9. Nd5 Na5 10. Qe2 Nxc4 11. Qxc4 Nxd5 12. exd5 O-O 13. d6+ Rf7 14. O-O-O cxd6 15. Rd2 Bf5 16. Rhd1 Rc8 17. Qb3 Bf8 18. h3 Kg7 19. g4 Be4 20. Nh4 Rfc7 21. c3 Bc6 22. f4 Qe8 23. g5 fxg5 24. fxe5 gxh4 25. exd6 Qxe3 26. dxc7 Rxc7 27. Kb1 Be7 28. Ka1 Bg5 29. Rd3 Qe2 30. Rd6 Re7 31. Qb4 Re4 32. Qc5 Kh6 33. R6d4 Rxd4 34. Qxd4 Bf3 35. Rb1 Qe3 36. Qxe3 Bxe3 37. Re1 Bg5 38. Rf1 Bc6 39. Rf7 Be3 40. Kb1 a6 41. Kc2 Be4+ 42. Kb3 Bd5+ 43. Kb4 Bxf7 44. Ka5 Bxa2 45. c4 Bxc4 46. b4 b6+ 47. Ka4 b5+ 48. Ka5 Bc1 49. Kxa6 Bd2 50. Ka5 Kg5 51. Kb6 Bxb4 52. Kc6 Bd2 53. Kd6 Kf4 54. Ke7 h5 55. Kf6 Bd3 56. Kg7 b4 57. Kh6 b3 58. Kg7 b2 59. Kh6 b1=B 60. Kg7 Bbc2 61. Kh6 Kf5+ 62. Kg7 g5 63. Kh6 Be2 64. Kg7 g4 65. hxg4+ hxg4 0-1


[Site "https://www.chess.com"]

[Event "Titled Tuesday Blitz May 30 Late 2023"]
[White "dodoucb"]
[Black "Horokoskii"]
[WhiteElo "2338"]
[BlackElo "2127"]
[Result "1-0"]
[Round "05"]
[TimeControl "180+2"]
[Date "2023.05.31"]
[WhiteClock "0:00:06"]
[BlackClock "0:00:03"]

1. e4 e6 2. d4 d5 3. Bd3 c5 4. exd5 Qxd5 5. Nf3 Nc6 6. dxc5 Bxc5 7. O-O Nf6 8. Nc3 Qh5 9. Bf4 O-O 10. Re1 b6 11. Ne4 Nxe4 12. Bxe4 Bb7 13. Qd7 Rfd8 14. Qxb7 Na5 15. Qxa8 Rxa8 16. Bxa8 Qf5 17. Bg3 g5 18. Be4 Qf6 19. c3 Nc4 20. b3 Nd6 21. Be5 Qh6 22. Bd3 g4 23. Nd4 Qh4 24. Rad1 h5 25. b4 Bxd4 26. Bxd4 Nf5 27. Bxf5 exf5 28. Be5 Qg5 29. g3 h4 30. Bf4 Qf6 31. Rd3 h3 32. Red1 Qc6 33. f3 a5 34. a3 axb4 35. axb4 b5 36. Kf2 Qb6+ 37. Be3 Qc6 38. Bd4 Kh7 39. Re1 Kg6 40. Re5 f6 41. Re7 Qc4 42. Rde3 Qa2+ 43. Re2 Qb1 44. R7e6 Qh1 45. Rxf6+ Kh5 46. Rxf5+ Kg6 47. Rf6+ Kh7 48. Re7+ Kg8 49. Re8+ Kh7 50. Re7+ Kg8 51. Ke3 Qe1+ 52. Kf4 Qxe7 53. fxg4 Qc7+ 54. Kg5 Qc4 55. Rg6+ Kf7 56. Rf6+ Kg7 57. Kh4 Qe2 58. Kxh3 Qd3 59. Rf3+ Qxd4 60. cxd4 1-0


[Site "https://www.chess.com"]

[Event "Titled Tuesday Blitz May 30 Late 2023"]
[White "Sarkar, Justin"]
[Black "Ricaurte Lopez, Juan Carlos"]
[WhiteFideId "2010011"]
[BlackFideId "3600327"]
[WhiteElo "2168"]
[BlackElo "2200"]
[Result "1-0"]
[Round "05"]
[TimeControl "180+2"]
[Date "2023.05.31"]
[WhiteClock "0:00:46"]
[BlackClock "0:00:16"]

1. d4 d5 2. c4 dxc4 3. Nf3 c5 4. e4 cxd4 5. Qxd4 Qxd4 6. Nxd4 a6 7. Bxc4 e5 8. Nf3 Nc6 9. Nc3 Bb4 10. Bd2 Bxc3 11. Bxc3 f6 12. Ke2 Bg4 13. h3 Bxf3+ 14. Kxf3 O-O-O 15. Rhd1 Nge7 16. Ke3 Kc7 17. b4 Nd4 18. Bxd4 exd4+ 19. Rxd4 Nc6 20. Rxd8 Rxd8 21. a3 Nd4 22. Rc1 Nc6 23. Bd5 Kb6 24. Bxc6 bxc6 25. a4 Rd6 26. f4 a5 27. bxa5+ Kxa5 28. Rc4 Kb6 29. e5 fxe5 30. fxe5 Rd5 31. Re4 Kc7 32. e6 Kd8 33. Rd4 Ke7 34. Rxd5 cxd5 35. a5 1-0


[Site "https://www.chess.com"]

[Event "Titled Tuesday Blitz May 30 Late 2023"]
[White "Gomez Barrera, Javiera Belen"]
[Black "dorpato"]
[WhiteFideId "3418723"]
[WhiteElo "2119"]
[BlackElo "2047"]
[Result "1-0"]
[Round "05"]
[TimeControl "180+2"]
[Date "2023.05.31"]
[WhiteClock "0:00:50"]
[BlackClock "0:00:16"]

1. d4 Nf6 2. Nf3 g6 3. c4 Bg7 4. Nc3 d5 5. e3 O-O 6. Be2 dxc4 7. Bxc4 e6 8. O-O b6 9. Re1 Bb7 10. e4 c6 11. Bg5 Qe8 12. a4 Nbd7 13. Qd2 e5 14. Rad1 exd4 15. Nxd4 Ne5 16. Ba2 Kh8 17. h3 Nfd7 18. Bh6 Nc5 19. Bxg7+ Kxg7 20. Qe3 Ncd7 21. f4 c5 22. Ndb5 Nc6 23. Nc7 Qe7 24. Nxa8 Rxa8 25. Nd5 Qd8 26. e5 Nd4 27. Rxd4 cxd4 28. Qxd4 Kg8 29. e6 fxe6 30. Rxe6 Bxd5 31. Bxd5 Nc5 32. Re8# 1-0


[Site "https://www.chess.com"]

[Event "Titled Tuesday Blitz May 30 Late 2023"]
[White "Escalante Ramirez, Rafael"]
[Black "NtcPou"]
[WhiteFideId "3900177"]
[WhiteElo "2241"]
[BlackElo "2030"]
[Result "0-1"]
[Round "05"]
[TimeControl "180+2"]
[Date "2023.05.31"]
[WhiteClock "0:00:01"]
[BlackClock "0:01:06"]

1. Nf3 d5 2. d4 c6 3. c4 Nf6 4. e3 a6 5. Nbd2 Bf5 6. Be2 e6 7. O-O Be7 8. Nh4 Be4 9. f3 Bg6 10. b3 Nbd7 11. Bb2 Nh5 12. Nxg6 hxg6 13. Rf2 Bd6 14. f4 Qh4 15. Nf3 Qe7 16. g3 Nhf6 17. Nd2 Ne4 18. Nxe4 dxe4 19. d5 cxd5 20. cxd5 Bc5 21. dxe6 Qxe6 22. Bd4 O-O 23. Rc1 Rfd8 24. Bc4 Qb6 25. Bxc5 Nxc5 26. Qg4 Nd3 27. Bxd3 Rxd3 28. Rc8+ Rxc8 29. Qxc8+ Rd8 30. Qc1 Rd3 31. Re2 Qd8 32. Kf2 b5 33. Qc6 Qa5 34. Qxe4 Rd2 35. Qe8+ Kh7 36. Qxf7 Qxa2 37. Rxd2 Qxd2+ 38. Kf3 Qd1+ 0-1


[Site "https://www.chess.com"]

[Event "Titled Tuesday Blitz May 30 Late 2023"]
[White "Makarian, Rudik"]
[Black "Vachier-Lagrave, Maxime"]
[WhiteFideId "44105681"]
[BlackFideId "623539"]
[WhiteElo "2461"]
[BlackElo "2723"]
[Result "1/2-1/2"]
[Round "06"]
[TimeControl "180+2"]
[Date "2023.05.31"]
[WhiteClock "0:00:05"]
[BlackClock "0:00:09"]

1. d4 Nf6 2. c4 e6 3. Nf3 d5 4. Nc3 Be7 5. Bf4 O-O 6. e3 Nbd7 7. c5 Ne4 8. Nxe4 dxe4 9. Ne5 Nxe5 10. Bxe5 Bd7 11. Be2 Bc6 12. O-O Qd7 13. Qc2 f6 14. Bg3 f5 15. b4 Bd5 16. b5 c6 17. Rab1 Rf7 18. Rb2 Bg5 19. bxc6 bxc6 20. Rfb1 f4 21. Rb8+ Rxb8 22. Rxb8+ Rf8 23. Rxf8+ Kxf8 24. Bxf4 Bxf4 25. exf4 Qb7 26. a3 Qc7 27. Qd2 Qb8 28. h4 g6 29. h5 Kg7 30. hxg6 hxg6 31. Bg4 Kf6 32. Qe3 Qb2 33. Kh2 a5 34. Bd1 Qb1 35. Be2 Qb2 36. g4 a4 37. g5+ Kg7 38. Bg4 Kf7 39. Kg1 Qb1+ 40. Kg2 Qb2 41. Kg1 Ke7 42. Qh3 Qc1+ 43. Kh2 Qxf4+ 44. Qg3 Qxg5 45. Qc7+ Kf8 46. Kg3 e3 47. f4 Qf6 48. Qe5 Kf7 49. Qxe3 Qh8 50. Bh3 Qh5 51. Bg4 Qh1 52. Qe5 Qc1 53. Qc7+ Kf6 54. Qe5+ Kf7 55. Kh4 Qxa3 56. Qc7+ Kf6 57. Qd8+ Kf7 58. Qd7+ Kf6 59. Qd8+ Kf7 60. Kg5 Qg3 61. Qd7+ Kf8 62. Qd8+ Kf7 63. Qc7+ Kf8 64. Qd8+ Kf7 1/2-1/2


[Site "https://www.chess.com"]

[Event "Titled Tuesday Blitz May 30 Late 2023"]
[White "Durarbayli, Vasif"]
[Black "Duda, Jan-Krzysztof"]
[WhiteFideId "13402935"]
[BlackFideId "1170546"]
[WhiteElo "2551"]
[BlackElo "2790"]
[Result "0-1"]
[Round "06"]
[TimeControl "180+2"]
[Date "2023.05.31"]
[WhiteClock "0:00:07"]
[BlackClock "0:00:04"]

1. e4 c6 2. d4 d5 3. exd5 cxd5 4. c4 Nf6 5. Nc3 Nc6 6. Nf3 g6 7. h3 Bg7 8. c5 O-O 9. Bb5 Ne4 10. O-O Nxc3 11. bxc3 Bd7 12. Re1 b6 13. Ba3 Re8 14. Bxc6 Bxc6 15. Ne5 Bb5 16. Rb1 a6 17. cxb6 Qxb6 18. Qf3 Qe6 19. Re3 Qf5 20. Qd1 f6 21. Nd3 Rac8 22. Nc5 e5 23. dxe5 Rxe5 24. Rf3 Qh5 25. Qd4 f5 26. Qd2 Rce8 27. Nb3 Bh6 28. Qd4 f4 29. Bd6 Re4 30. Qd2 Be2 31. Nd4 Bxf3 32. Nxf3 Qf5 33. Rd1 Bg7 34. Bc5 Re2 35. Qc1 Rxa2 36. Bd4 Bf8 37. Re1 Rae2 38. Rxe2 Rxe2 39. Qd1 Re6 40. Qa4 h6 41. Kh2 g5 42. Qd7 Rf6 43. Qd8 Rd6 44. Qb8 Rc6 45. Ne5 Rc8 46. Qb7 Re8 47. Ng4 Re7 48. Qc8 Qxc8 49. Nf6+ Kf7 50. Nxd5 Qc6 51. Nxf4 gxf4 52. f3 Rd7 53. Be5 Bd6 54. Bxf4 Bxf4+ 55. g3 Rd2+ 0-1


[Site "https://www.chess.com"]

[Event "Titled Tuesday Blitz May 30 Late 2023"]
[White "Hakobyan, Aram"]
[Black "Maurizzi, Marc`Andria"]
[WhiteFideId "13306677"]
[BlackFideId "36083534"]
[WhiteElo "2584"]
[BlackElo "2421"]
[Result "1-0"]
[Round "06"]
[TimeControl "180+2"]
[Date "2023.05.31"]
[WhiteClock "0:00:47"]
[BlackClock "0:00:18"]

1. d4 d5 2. c4 e6 3. Nc3 a6 4. cxd5 exd5 5. Nf3 Nf6 6. Bg5 Be6 7. e3 Nbd7 8. Bd3 Bd6 9. h3 c6 10. Bf4 Qc7 11. Qd2 O-O 12. O-O Rfe8 13. Rfe1 h6 14. Rac1 Nh5 15. Bxd6 Qxd6 16. Na4 Nhf6 17. Nc5 Nxc5 18. dxc5 Qc7 19. Nd4 Bd7 20. b4 Re5 21. a4 Rae8 22. Nf3 R5e7 23. Qb2 Ne4 24. Qd4 Re6 25. b5 axb5 26. axb5 Rg6 27. Nh4 Rf6 28. bxc6 bxc6 29. f4 Qd8 30. Nf3 g5 31. Ne5 gxf4 32. Bxe4 fxe3 33. Rxe3 Bf5 34. Rg3+ Kf8 35. Bxf5 Rxf5 36. Nxc6 Qf6 37. Qxf6 Rxf6 1-0


[Site "https://www.chess.com"]

[Event "Titled Tuesday Blitz May 30 Late 2023"]
[White "Rustemov, Alexander"]
[Black "Pranav, V"]
[WhiteFideId "4119002"]
[BlackFideId "25060783"]
[WhiteElo "2886"]
[BlackElo "2515"]
[Result "0-1"]
[Round "06"]
[TimeControl "180+2"]
[Date "2023.05.31"]
[WhiteClock "0:00:01"]
[BlackClock "0:00:14"]

1. d4 Nf6 2. c4 g6 3. Nf3 Bg7 4. g3 O-O 5. Bg2 d6 6. Nc3 Nbd7 7. d5 Nc5 8. Be3 b6 9. O-O Ng4 10. Bd4 Nf6 11. h3 a5 12. Rc1 Bb7 13. Qc2 e5 14. dxe6 Nxe6 15. Be3 Re8 16. Rfd1 Qe7 17. Nd4 Bxg2 18. Kxg2 Nc5 19. Nd5 Nxd5 20. cxd5 Qd7 21. Qd2 Re4 22. Nc6 Rae8 23. Rc2 h5 24. Bxc5 dxc5 25. Qd3 c4 26. Qf3 a4 27. a3 b5 28. h4 Qd6 29. Rcd2 c3 30. bxc3 Qxa3 31. Rc2 Qc5 32. Rd3 b4 33. e3 b3 34. Rb2 Bxc3 35. Rb1 Bg7 36. Qd1 Rc4 37. Qf3 Rc2 38. Rbd1 b2 39. Nd4 Bxd4 40. Rxd4 Rc1 41. d6 cxd6 42. Qb7 b1=Q 43. Qxb1 Rxb1 44. Rxb1 a3 45. Rbd1 Ra8 46. R4d2 a2 47. Ra1 Qb5 0-1


[Site "https://www.chess.com"]

[Event "Titled Tuesday Blitz May 30 Late 2023"]
[White "Holt, Conrad"]
[Black "Muradli, Mahammad"]
[WhiteFideId "2034387"]
[BlackFideId "13409301"]
[WhiteElo "2592"]
[BlackElo "2558"]
[Result "1-0"]
[Round "06"]
[TimeControl "180+2"]
[Date "2023.05.31"]
[WhiteClock "0:00:14"]
[BlackClock "0:00:01"]

1. d4 Nf6 2. c4 d6 3. Nf3 Nbd7 4. Nc3 g6 5. e4 Bg7 6. Be2 e5 7. O-O O-O 8. Qc2 c6 9. Rd1 Qe7 10. Bg5 h6 11. Bh4 g5 12. Bg3 Nh5 13. d5 c5 14. Nd2 Nf4 15. Nf1 Nxe2+ 16. Qxe2 f5 17. exf5 Rxf5 18. Ne3 Rf7 19. h3 Nf6 20. a3 Bd7 21. b4 Rc8 22. Rab1 b6 23. Rdc1 Qe8 24. Qc2 Nh5 25. Ne4 Qe7 26. bxc5 dxc5 27. Re1 Nf4 28. Rbd1 Rcf8 29. Ng4 h5 30. Ne3 Qd8 31. Nd6 Rf6 32. Ne4 Rg6 33. d6 Qc8 34. Nd5 Nxd5 35. Rxd5 Bf5 36. Qd1 Qd7 37. Bxe5 g4 38. Bxg7 gxh3 39. Bxf8 Rxg2+ 40. Kh1 Kxf8 41. Qf3 1-0


[Site "https://www.chess.com"]

[Event "Titled Tuesday Blitz May 30 Late 2023"]
[White "Ibarra Jerez, Jose Carlos"]
[Black "Naroditsky, Daniel"]
[WhiteFideId "2226332"]
[BlackFideId "2026961"]
[WhiteElo "2638"]
[BlackElo "2633"]
[Result "1/2-1/2"]
[Round "06"]
[TimeControl "180+2"]
[Date "2023.05.31"]
[WhiteClock "0:00:02"]
[BlackClock "0:00:02"]

1. e4 Nc6 2. Nf3 d6 3. d4 Nf6 4. Nc3 g6 5. d5 Nb8 6. Bg5 Bg7 7. Qd2 c6 8. Bh6 Bxh6 9. Qxh6 Qb6 10. O-O-O Qxf2 11. Bc4 b5 12. Rhf1 Qc5 13. Bb3 Bg4 14. h3 Bxf3 15. Rxf3 Nbd7 16. dxc6 Qxc6 17. Qg7 O-O-O 18. Nd5 Kb8 19. Nxe7 Qxe4 20. Rxf6 Qe3+ 21. Kb1 Qxe7 22. Rxf7 Qe2 23. Qd4 Nc5 24. Bd5 Rhe8 25. Bf3 Qe5 26. c3 Qxd4 27. cxd4 Rd7 28. Rxd7 Nxd7 29. Bc6 Re7 30. Bxb5 Nf6 31. a3 Nd5 32. Bc6 Nf4 33. Bf3 Re3 34. Kc2 g5 35. Rf1 Kc7 36. Kd2 Rd3+ 37. Kc2 Rxd4 38. Rd1 Rc4+ 39. Kb3 Rc5 40. Rd4 h6 41. Rc4 Kb6 42. Rxc5 dxc5 43. Kc4 a5 44. a4 Ng6 45. Kd5 Nf4+ 46. Kc4 Ng6 47. Kd5 Nf4+ 48. Kc4 1/2-1/2


[Site "https://www.chess.com"]

[Event "Titled Tuesday Blitz May 30 Late 2023"]
[White "Bluebaum, Matthias"]
[Black "Prohaszka, Peter"]
[WhiteFideId "24651516"]
[BlackFideId "726265"]
[WhiteElo "2639"]
[BlackElo "2626"]
[Result "1-0"]
[Round "06"]
[TimeControl "180+2"]
[Date "2023.05.31"]
[WhiteClock "0:00:12"]
[BlackClock "0:00:11"]

1. d4 d5 2. c4 e6 3. Nc3 a6 4. cxd5 exd5 5. Bf4 Nf6 6. e3 Bd6 7. Bxd6 Qxd6 8. Bd3 O-O 9. Nge2 Re8 10. Qd2 Bg4 11. f3 Bh5 12. O-O Bg6 13. Ng3 c5 14. Na4 cxd4 15. exd4 Nc6 16. Bxg6 hxg6 17. Nc5 b6 18. Nb3 a5 19. a3 a4 20. Nc1 Na5 21. Qd1 Qf4 22. Rf2 Nc4 23. Nf1 Re6 24. Ne2 Qg5 25. Nc3 Nh5 26. f4 Nxf4 27. Qf3 Rf6 28. Qg3 Qxg3 29. hxg3 Ne6 30. Rxf6 gxf6 31. Nxd5 Kg7 32. Rc1 Nxb2 33. Rc2 Nd3 34. Nxb6 Rb8 35. Nxa4 Rb1 36. Nc3 Ra1 37. Ra2 Rc1 38. Ne2 Re1 39. a4 Nc7 40. Nf4 Nb4 41. Rb2 Nca6 42. Kf2 Ra1 43. Rd2 Rxa4 44. d5 Nb8 45. Ne3 Nd7 46. d6 Ra2 47. Rxa2 Nxa2 48. Nfd5 Nc1 49. Ke1 Nd3+ 50. Kd2 N3c5 51. Nc4 f5 52. Ke3 f6 53. Kd4 Ne6+ 54. Kc3 Kf7 55. Nc7 Nec5 56. Kd4 Nb3+ 57. Kd5 Ndc5 58. Kc6 Ne6 59. Nxe6 Kxe6 60. d7 Nd4+ 61. Kc7 Nb5+ 62. Kd8 Na7 63. Ke8 Nc6 64. Na5 Nxa5 65. d8=Q Nc6 66. Qd7+ Ke5 67. Qxc6 f4 68. Qc7+ Kf5 69. Qxf4+ Ke6 70. Qe4+ Kd6 71. Qxg6 Ke5 72. g4 Kf4 73. Qxf6+ Kg3 74. Qf3+ Kh4 75. Qh3+ Kg5 76. g3 Kg6 77. Qh5+ Kg7 78. g5 Kg8 79. Ke7 Kg7 80. g6 Kg8 81. Qh7# 1-0


[Site "https://www.chess.com"]

[Event "Titled Tuesday Blitz May 30 Late 2023"]
[White "Sarana, Alexey"]
[Black "Bryakin, Mikhail"]
[WhiteFideId "24133795"]
[BlackFideId "4165314"]
[WhiteElo "2714"]
[BlackElo "2467"]
[Result "1-0"]
[Round "06"]
[TimeControl "180+2"]
[Date "2023.05.31"]
[WhiteClock "0:00:06"]
[BlackClock "0:00:02"]

1. c4 Nf6 2. Nc3 d6 3. d4 g6 4. e4 Bg7 5. Bd3 e5 6. d5 a5 7. Nge2 Na6 8. f3 Nc5 9. Bc2 O-O 10. Be3 Nfd7 11. h4 f5 12. Qd2 f4 13. Bf2 Nf6 14. O-O-O Bd7 15. Kb1 a4 16. a3 b6 17. Nb5 Ra5 18. Nec3 Nh5 19. Qe1 Bh6 20. Ka2 Rf7 21. Bxc5 bxc5 22. Bxa4 Ng3 23. Rh2 Bg7 24. Bc2 Ra8 25. a4 Bf6 26. h5 Nxh5 27. Ne2 Bg5 28. Rh1 Kg7 29. b3 h6 30. Kb2 Qb8 31. Bd3 Qb6 32. Ra1 Ra5 33. Kc2 Rf8 34. Qf2 Rfa8 35. Kb2 Qb8 36. Rhb1 Qd8 37. Rh1 Qb8 38. Nec3 Qd8 39. Kc2 Ng3 40. Rhg1 Bh4 41. Qd2 Nh5 42. Rh1 Ng3 43. Rh2 Bg5 44. Ne2 Nxe2 45. Bxe2 Bh4 46. Rah1 Bg5 47. Qe1 Bxb5 48. cxb5 h5 49. Bc4 Kf6 50. Rh3 Kg7 51. Qf2 Qf6 52. Kd3 Kf7 53. Qe1 Qe7 54. Qf2 Qf6 55. Qg1 R5a7 56. R1h2 Rg8 57. Qf2 Rh8 58. Qe1 Rha8 59. Rh1 Qe7 60. Rg1 Qf6 61. Qe2 Rh8 62. g3 Rha8 63. Qg2 Rg8 64. Kc2 Rga8 65. Kd1 Ra5 66. Ke2 R5a7 67. Kd3 Ra5 68. Qe2 R5a7 69. Qe1 Ra5 70. Kc2 R5a7 71. Rg2 Ra5 72. Rh1 R5a7 73. Rhg1 Rg8 74. a5 fxg3 75. Qxg3 Bf4 76. Qe1 g5 77. Rh1 h4 78. a6 Rb8 79. Rg4 Ke7 80. Qf1 Rb6 81. Qh3 Rb8 82. Rhg1 Rh8 83. R4g2 Rf8 84. Rf1 Rb8 85. Rh1 Rh8 86. Kd3 Rf8 87. Ke2 Rb8 88. Qg4 Rh8 89. Qe6+ Qxe6 90. dxe6 Rb8 91. Rgg1 Rb6 92. Kf2 c6 93. bxc6 Rxc6 94. Ra1 Rb6 95. Kg2 Bd2 96. Kh3 Kf6 97. Kg4 Bf4 98. Ra2 Rb8 99. Rd1 Rb6 100. Rd3 Bc1 101. Ra1 Bf4 102. Rad1 Ke7 103. Kf5 h3 104. Rh1 h2 105. Kg4 Ra8 106. Kh3 Rh8+ 107. Kg2 Ra8 108. Ra1 Ra7 109. Rdd1 Kf6 110. Rh1 Ke7 111. Rxh2 Bxh2 112. Kxh2 Kf6 113. Kg3 Rb8 114. Rh1 Rb6 115. Rh6+ Kg7 116. Rh5 Kg6 117. Kg4 Rbxa6 118. Rxg5+ Kf6 119. Rf5+ Ke7 120. Rh5 Ra1 121. Kf5 Kf8 122. Rh8+ Kg7 123. Rd8 Rf1 124. Rd7+ Rxd7 125. exd7 Rxf3+ 126. Ke6 Rf8 127. Ke7 d5 128. Bxd5 c4 129. bxc4 Ra8 130. d8=Q Rxd8 131. Kxd8 1-0


[Site "https://www.chess.com"]

[Event "Titled Tuesday Blitz May 30 Late 2023"]
[White "Bortnyk, Olexandr"]
[Black "Petrosyan, Manuel"]
[WhiteFideId "14120828"]
[BlackFideId "13300857"]
[WhiteElo "2734"]
[BlackElo "2576"]
[Result "1-0"]
[Round "06"]
[TimeControl "180+2"]
[Date "2023.05.31"]
[WhiteClock "0:00:40"]
[BlackClock "0:00:01"]

1. d4 Nf6 2. Nc3 d5 3. Bf4 a6 4. e3 Nc6 5. Nf3 Bg4 6. h3 Bxf3 7. Qxf3 e6 8. a3 Bd6 9. Bd3 Bxf4 10. Qxf4 Qd6 11. Qg5 O-O 12. O-O-O h6 13. Qh4 e5 14. dxe5 Nxe5 15. f4 Nxd3+ 16. Rxd3 Qe6 17. g4 Rad8 18. Rhd1 c6 19. g5 Ne4 20. Nxe4 Qxe4 21. gxh6 gxh6 22. Qxh6 Qg6 23. Qh4 f5 24. e4 Kf7 25. exd5 Rh8 26. Qe1 Rhe8 27. Qb4 Qd6 28. Qxb7+ Re7 29. Qxc6 Qxf4+ 30. Kb1 Qd6 31. Qc4 Qf6 32. d6+ Re6 33. Qxa6 Kg6 34. Qc6 Kh6 35. a4 f4 36. a5 Qf5 37. a6 Qf7 38. b3 Rd7 39. Qc5 Rf6 40. a7 Rxa7 41. d7 Rf5 42. Qxa7 1-0


[Site "https://www.chess.com"]

[Event "Titled Tuesday Blitz May 30 Late 2023"]
[White "Maksimovic, Bojan"]
[Black "Kramnik, Vladimir"]
[WhiteFideId "14408120"]
[BlackFideId "4101588"]
[WhiteElo "2468"]
[BlackElo "2703"]
[Result "1-0"]
[Round "06"]
[TimeControl "180+2"]
[Date "2023.05.31"]
[WhiteClock "0:00:04"]
[BlackClock "0:00:01"]

1. Nf3 c5 2. g3 g6 3. Bg2 Bg7 4. O-O Nc6 5. c3 e5 6. d3 Nge7 7. Nbd2 O-O 8. e4 d6 9. a3 h6 10. b4 Be6 11. Bb2 Qd7 12. b5 Nd8 13. a4 f5 14. exf5 gxf5 15. Re1 Nf7 16. Nh4 Rae8 17. c4 Kh7 18. f4 Rg8 19. fxe5 Bxe5 20. Bxe5 Nxe5 21. Ndf3 N7g6 22. Nxe5 Nxe5 23. d4 cxd4 24. Qxd4 Rg4 25. Qxa7 f4 26. Qxb7 Qxb7 27. Bxb7 fxg3 28. hxg3 Rxg3+ 29. Kf2 Rg4 30. Be4+ Kh8 31. Nf3 Rf8 32. Ra3 Bxc4 33. Ke3 Rg3 34. Kd4 Bg8 35. Rf1 d5 36. Nxe5 Rxa3 37. Rxf8 Rxa4+ 38. Kc5 Rxe4 39. Nc6 Rc4+ 40. Kd6 d4 41. b6 Rc1 42. b7 Rb1 43. b8=Q Rxb8 44. Nxb8 Kg7 45. Rf4 d3 46. Rd4 Kf6 47. Nd7+ Kf5 48. Rxd3 h5 49. Rf3+ Kg4 50. Ne5+ Kh4 51. Rf8 Bb3 52. Rf3 Ba2 53. Rf2 1-0


[Site "https://www.chess.com"]

[Event "Titled Tuesday Blitz May 30 Late 2023"]
[White "Moussard, Jules"]
[Black "Papasimakopoulos, Alexandros"]
[WhiteFideId "642908"]
[BlackFideId "4244125"]
[WhiteElo "2610"]
[BlackElo "2359"]
[Result "1-0"]
[Round "06"]
[TimeControl "180+2"]
[Date "2023.05.31"]
[WhiteClock "0:00:07"]
[BlackClock "0:00:08"]

1. c4 e6 2. Nf3 d5 3. e3 Nf6 4. Nc3 Be7 5. b3 c5 6. cxd5 Nxd5 7. Bb2 Bf6 8. Be2 Nxc3 9. dxc3 Qxd1+ 10. Rxd1 Nc6 11. Kd2 b6 12. Kc1 Bb7 13. Rhg1 h6 14. g4 Ke7 15. h4 g6 16. c4 Bxb2+ 17. Kxb2 Rad8 18. a3 f6 19. Kc3 g5 20. h5 a5 21. Nd2 Ne5 22. f4 Nf7 23. Bd3 Rhg8 24. Bc2 Nd6 25. Bd3 Nf7 26. Rdf1 gxf4 27. exf4 Rd4 28. Rf2 e5 29. Bf5 Rxf4 30. Rxf4 exf4 31. Rf1 Nd6 32. Bg6 f5 33. gxf5 f3 34. Nxf3 Kf6 35. Nh2 Ne4+ 36. Kb2 Rd8 37. Kc1 Kg5 38. f6 Rf8 39. f7 Nd6 40. Rd1 Ne4 41. Nf3+ Kf4 42. Nh4 Ng5 43. Nf5 Nxf7 44. Rf1+ Ke5 45. Ne7 Ke6 46. Ng8 Rxg8 47. Bxf7+ Ke5 48. Bxg8 Bg2 49. Rf7 Kd4 50. Kd2 Bd5 51. Rd7 b5 52. Rxd5+ Ke4 53. cxb5 c4 54. bxc4 a4 55. b6 Kf4 56. b7 Kg3 57. b8=Q+ Kg2 58. Rd3 Kh1 59. Qf4 Kg2 60. Rg3+ Kh1 61. Qh4# 1-0


[Site "https://www.chess.com"]

[Event "Titled Tuesday Blitz May 30 Late 2023"]
[White "Lazavik, Denis"]
[Black "Pakleza, Zbigniew"]
[WhiteFideId "13515110"]
[BlackFideId "1119290"]
[WhiteElo "2560"]
[BlackElo "2410"]
[Result "1-0"]
[Round "06"]
[TimeControl "180+2"]
[Date "2023.05.31"]
[WhiteClock "0:01:45"]
[BlackClock "0:00:17"]

1. d4 d6 2. Nf3 Bg4 3. e4 Nf6 4. Nc3 e6 5. h3 Bh5 6. Qe2 c6 7. g4 Bg6 8. h4 h5 9. g5 Nfd7 10. Bf4 Be7 11. O-O-O O-O 12. Kb1 d5 13. Qe3 b5 14. Bd3 Re8 15. exd5 Bxd3 16. Qxd3 cxd5 17. g6 f6 18. Nxb5 Na6 19. Rhe1 Qb6 20. Nc3 Nf8 21. Nd2 Nb4 22. Qf3 Nxg6 23. Be3 Kf7 24. Rg1 Nf8 25. Qxh5+ g6 26. Rxg6 1-0


[Site "https://www.chess.com"]

[Event "Titled Tuesday Blitz May 30 Late 2023"]
[White "Mekhitarian, Krikor Sevag"]
[Black "Paravyan, David"]
[WhiteFideId "2107660"]
[BlackFideId "4194985"]
[WhiteElo "2604"]
[BlackElo "2563"]
[Result "0-1"]
[Round "06"]
[TimeControl "180+2"]
[Date "2023.05.31"]
[WhiteClock "0:00:02"]
[BlackClock "0:00:05"]

1. Nf3 d5 2. c4 e6 3. d4 Nf6 4. cxd5 exd5 5. Nc3 c6 6. Bf4 Bd6 7. Bxd6 Qxd6 8. e3 Bf5 9. Nh4 Be4 10. f3 Bg6 11. e4 dxe4 12. Nxg6 hxg6 13. fxe4 Qf4 14. Qf3 g5 15. e5 Ng4 16. Qxf4 gxf4 17. Be2 Ne3 18. Kf2 Nd7 19. g3 Nf5 20. gxf4 Rh4 21. Bf3 Nxd4 22. Ne2 Nxe2 23. Kxe2 Rxf4 24. Rag1 Nxe5 25. Rxg7 O-O-O 26. Rg3 Re8 27. Kf2 Rd4 28. Rf1 Rd2+ 29. Kg1 Rh8 30. Bg2 Rxb2 31. h3 Kc7 32. Rf5 Kd6 33. Rf6+ Ke7 34. Rf1 Rh7 35. Rg5 f6 36. Rg8 Kf7 37. Rg5 Rg7 38. Rxg7+ Kxg7 39. a4 Ra2 40. Rb1 b6 41. Rd1 Rxa4 42. Rd6 c5 43. Kf2 Rd4 44. Re6 Kf7 0-1


[Site "https://www.chess.com"]

[Event "Titled Tuesday Blitz May 30 Late 2023"]
[White "Bok, Benjamin"]
[Black "Tejedor Fuente, Enrique"]
[WhiteFideId "1017063"]
[BlackFideId "2299100"]
[WhiteElo "2657"]
[BlackElo "2496"]
[Result "0-1"]
[Round "06"]
[TimeControl "180+2"]
[Date "2023.05.31"]
[WhiteClock "0:00:02"]
[BlackClock "0:00:06"]

1. d4 d5 2. c4 c6 3. Nf3 Nf6 4. cxd5 cxd5 5. Nc3 Nc6 6. Bf4 a6 7. Rc1 Bf5 8. e3 Rc8 9. Be2 e6 10. O-O Bd6 11. Bxd6 Qxd6 12. Qb3 b5 13. a4 O-O 14. axb5 axb5 15. Nxb5 Qb8 16. Qa3 Ne4 17. Bd3 Bg4 18. Rc2 Bxf3 19. gxf3 Ng5 20. f4 Nf3+ 21. Kg2 Nh4+ 22. Kh1 Nd8 23. Qd6 Qxd6 24. Nxd6 Rxc2 25. Bxc2 Nc6 26. Rc1 Rb8 27. Bd1 Ne7 28. b3 g6 29. h3 Kf8 30. Kh2 Nhf5 31. Nxf5 Nxf5 32. Kg2 Nd6 33. Rc7 Ne4 34. Bc2 Nd2 35. Rc3 Ra8 36. f3 Ra2 37. Kg3 Rb2 38. h4 Kg7 39. h5 Nf1+ 40. Kf2 Nd2 41. Ke2 Nxb3 0-1


[Site "https://www.chess.com"]